 Dungeon Crawl Stone Soup version 0.29.1-15-g9cfb28693d (webtiles) character file.

Game seed: 6477523996707756006

15909 raph the Severer (level 12, -9/105 HPs)
             Began as a Hill Orc Fighter on Apr 24, 2023.
             Was an Elder of Beogh.
             Mangled by a tengu warrior
             ... wielding a +0 battleaxe
              (18 damage)
             ... on level 12 of the Dungeon.
             The game lasted 00:16:27 (13225 turns).

raph the Severer (Hill Orc Fighter)                Turns: 13225, Time: 00:16:27

Health: -9/105     AC: 25    Str: 20    XL:     12   Next: 32%
Magic:  19/19      EV:  9    Int:  8    God:    Beogh [****..]
Gold:   1326       SH:  5    Dex: 14    Spells: 11/11 levels left

rFire   . . .      SeeInvis +   L - +3 war axe (freeze)
rCold   . . .      Faith    +   c - +0 buckler
rNeg    . . .      Spirit   .   A - +0 chain mail
rPois   .          Reflect  .   h - +2 helmet
rElec   .          Harm     .   y - +2 cloak
rCorr   .          Rampage  .   (no gloves)
Will    .....                   O - +2 pair of boots {Fly}
Stlth   ..........              K - amulet of faith
HPRegen 0.27/turn               I - ring of see invisible
MPRegen 0.16/turn               G - +4 ring of protection

@: flying
A: no striking features
a: Renounce Religion, Smiting, Recall Orcish Followers


You were on level 12 of the Dungeon.
You worshipped Beogh.
Beogh was greatly pleased with you.
You visited 1 branch of the dungeon, and saw 12 of its levels.
You also visited: Ossuary and Bailey.

You collected 1326 gold pieces.

Inventory:

Hand Weapons
 a - a +1 war axe of draining
 u - a +2 morningstar of protection
 L - a +3 war axe of freezing (weapon)
 M - a +0 battleaxe
 T - a +4 flail
Missiles
 e - 2 throwing nets
 k - 28 boomerangs
 r - 40 poisoned darts (quivered)
 U - 4 curare-tipped darts
Armour
 b - a +0 scale mail
 c - a +0 buckler (worn)
 g - a +2 pair of boots
 h - a +2 helmet (worn)
 y - a +2 cloak (worn)
 A - a +0 chain mail (worn)
 O - a +2 pair of boots of flying (worn)
Jewellery
 n - a ring of positive energy
 C - an amulet of magic regeneration
 G - a +4 ring of protection (right hand)
 I - a ring of see invisible (left hand)
 J - a ring of fire
 K - an amulet of faith (around neck)
 N - a ring of flight
Wands
 m - a wand of quicksilver (5)
 B - a wand of flame (99)
 F - a wand of iceblast (15)
 R - a wand of charming (12)
Scrolls
 l - 4 scrolls of poison
 v - 2 scrolls of immolation
 x - 2 scrolls of blinking
 E - 2 scrolls of teleportation
 Q - a scroll of fear
Potions
 d - 3 potions of might
 f - 5 potions of flight
 i - 9 potions of curing
 j - 4 potions of brilliance
 o - 2 potions of magic {unknown}
 p - 3 potions of berserk rage
 q - 3 potions of lignification
 s - 3 potions of haste
 t - a potion of invisibility {unknown}
 w - 5 potions of heal wounds
 z - 2 potions of attraction
 D - 4 potions of resistance
 H - a potion of mutation {unknown}
Miscellaneous
 P - a box of beasts


   Skills:
 + Level 9.4 Fighting
 - Level 16.0 Axes
 + Level 5.2 Throwing
 + Level 8.6 Armour
 + Level 5.8 Dodging
 - Level 3.2 Shields
 + Level 9.4 Invocations


You had 11 spell levels left.
You didn't know any spells.
Your spell library contained the following spells:

 Spells                   Type           Power      Damage    Failure   Level
 Searing Ray              Conj           0%         2d4       100%        2
 Call Canine Familiar     Summ           0%         N/A       100%        3
 Inner Flame              Hex/Fire       0%         N/A       100%        3
 Portal Projectile        Hex/Tloc       0%         N/A       100%        3
 Cause Fear               Hex            0%         N/A       100%        4
 Leda's Liquefaction      Hex/Erth       0%         N/A       100%        4
 Discord                  Hex            0%         N/A       100%        8


Dungeon Overview and Level Annotations

Branches:
Dungeon (12/15)            Temple (0/1) D:7            Lair (0/5) D:11
Ossuary (visited)          Bailey (visited)
    Orc: D:9-12

Altars:
Dithmenos
Hepliaklqana
Kikubaaqudgha
Makhleb
Okawaru
Ru
Sif Muna
Trog
Xom
Zin

Shops:
D:2 (

Portals:
Trove: D:10 (give +2 gold dragon scales)

Annotations:
D:5 2 transporters, p0werm0de's ghost, novice MiFi
D:7 1 runed translucent door, LLlMATKO's ghost, novice MiBe


Message History

You hit the tengu warrior but do no damage.
The tengu warrior hits you but does no damage.
The tengu warrior pecks you but does no damage.
The tengu warrior claws you.
* * * LOW HITPOINT WARNING * * *
The water elemental closely misses you.
You miss the tengu warrior.
The tengu warrior is lightly wounded.
You hit the water elemental. You freeze the water elemental.
You closely miss the tengu warrior.
The tengu warrior is lightly wounded.
You slash the water elemental! You freeze the water elemental.
You destroy the water elemental!
Beogh accepts your kill.
The tengu warrior hits you with a +0 battleaxe!
* * * LOW HITPOINT WARNING * * *
The tengu warrior pecks you but does no damage.
The tengu warrior claws you but does no damage.
You closely miss the tengu warrior.
The tengu warrior is lightly wounded.
The tengu warrior hits you but does no damage.
The tengu warrior pecks you.
* * * LOW HITPOINT WARNING * * *
You block the tengu warrior's attack.
You slash the tengu warrior! You freeze the tengu warrior.
The tengu warrior is moderately wounded.
You hit the tengu warrior. You freeze the tengu warrior.
The tengu warrior is moderately wounded.
The tengu warrior hits you but does no damage.
The tengu warrior pecks you.
* * * LOW HITPOINT WARNING * * *
The tengu warrior claws you but does no damage.
The tengu warrior attacks as you move away!
The tengu warrior hits you but does no damage.
The tengu warrior pecks you.
* * * LOW HITPOINT WARNING * * *
The tengu warrior claws you but does no damage.
Your orc knight hits the tengu warrior with a +0 flail!
The tengu warrior hits you with a +0 battleaxe!!
You die...

...........[#..............
............#..............
............#..............
~~≈~~≈≈≈~...#.......
≈≈~~≈≈≈≈≈≈~~#.......
≈≈≈~≈≈≈≈≈≈~≈~≈......
≈≈≈≈≈≈≈≈≈≈≈≈≈≈~~~...
≈≈≈≈≈≈≈≈≈≈≈≈≈≈~~...........
≈≈≈≈≈≈≈≈≈Q@≈≈≈.............
≈≈≈≈≈≈≈≈≈≈o†~..### #.......
≈≈≈≈≈≈≈≈≈≈)..### #.......
~~~~~≈~≈~~~†...## #.......
..(.........##..####.......
............###...##.......
############ ###..........
###........ #........


You could see a tengu warrior (ally target) and a friendly orc knight.

Vanquished Creatures
  3 two-headed ogres
  Erica (D:9)
  2 boulder beetles (D:12)
  A tengu warrior (D:12)
  Pikel (D:9)
  An orc knight (Bailey)
  A gargoyle (D:11)
  4 trolls
  Grinder (D:6)
  5 slime creatures (D:12)
  A shadow (D:9)
  A wraith (D:12)
  2 water elementals (D:12)
  2 vampires
  13 yaks
  A basilisk (D:12)
  A wyvern (D:9)
  4 vampire mosquitoes
  Menkaure (D:7)
  4 steam dragons
  2 water moccasins
  An acid dragon (D:11)
  5 orc warriors
  A black bear (D:5)
  2 sky beasts
  An ice beast (D:5)
  3 centaurs
  A phantom (D:5)
  2 kobold brigands
  A gnoll sergeant (D:7)
  4 bullfrogs
  2 water moccasin zombies (Ossuary)
  A scorpion (D:6)
  12 wights
  A howler monkey (D:5)
  3 electric eels (D:12)
  2 orc priests (D:6)
  Crazy Yiuf (D:6)
  6 hounds
  A jelly (D:4)
  Jessica (D:2)
  2 iguanas
  Ijyb (D:4)
  5 orc wizards
  2 mummies (Ossuary)
  12 gnolls
  5 adders
  A white imp (D:7)
  An ufetubus (D:5)
  4 adder zombies (Ossuary)
  5 dart slugs
  2 worms
  20 orcs
  7 bats
  3 endoplasms
  2 giant cockroaches
  2 gnoll zombies (Ossuary)
  15 goblins
  12 hobgoblins
  2 jackals (D:2)
  26 kobolds
  5 quokkas
  9 ball pythons
  A frilled lizard (D:1)
  8 hobgoblin zombies (Ossuary)
  7 kobold zombies (Ossuary)
  5 orc zombies (Ossuary)
  9 rats
276 creatures vanquished.

Vanquished Creatures (collateral kills)
  Sonja (D:11)
  A cyclops (D:9)
  Psyche (D:11)
  A slime creature (D:12)
  A yak (D:9)
  A vampire mosquito (D:12)
  An orc warrior (Bailey)
  A bullfrog (D:8)
  2 orcs (D:8)
  A goblin (Bailey)
  4 kobolds
15 creatures vanquished.

Vanquished Creatures (others)
  2 orc warriors
  2 orc wizards
  4 orc priests
  An orc (D:5)
9 creatures vanquished.

Grand Total: 300 creatures vanquished

Notes
Turn   | Place    | Note
-------+----------+-------------------------------------------
     0 | D:1      | raph the Hill Orc Fighter began the quest for the Orb.
     0 | D:1      | Reached XP level 1. HP: 19/19 MP: 1/1
    61 | D:1      | Reached skill level 3 in Axes
    73 | D:1      | Reached XP level 2. HP: 18/26 MP: 2/2
    87 | D:1      | Reached skill level 4 in Axes
   262 | D:1      | Found a faded altar of an unknown god.
   374 | D:1      | Reached XP level 3. HP: 31/31 MP: 3/3
   539 | D:1      | Reached skill level 5 in Axes
   829 | D:2      | Noticed Jessica
   869 | D:2      | Killed Jessica
   870 | D:2      | Reached XP level 4. HP: 37/39 MP: 4/4
   901 | D:2      | Reached skill level 6 in Axes
   973 | D:2      | Found Wukk's Antique Weapon Emporium.
  1258 | D:2      | Reached XP level 5. HP: 23/45 MP: 5/5
  2213 | D:3      | Reached skill level 7 in Axes
  2534 | D:3      | Found a burning altar of Makhleb.
  2867 | D:4      | Reached skill level 8 in Axes
  2869 | D:4      | Reached XP level 6. HP: 33/51 MP: 6/6
  3157 | D:4      | Noticed a sky beast
  3178 | D:4      | Killed a sky beast
  3184 | D:4      | Reached skill level 9 in Axes
  3443 | D:4      | Noticed an orc warrior
  3443 | D:4      | Noticed Ijyb
  3444 | D:4      | Found a bloodstained altar of Trog.
  3464 | D:5      | Entered Level 5 of the Dungeon
  3469 | D:5      | Reached XP level 7. HP: 48/57 MP: 7/7
  3523 | D:5      | Found a transporter.
  3525 | D:5      | Noticed p0werm0de's ghost (novice MiFi)
  3526 | D:5      | Found a transporter.
  3576 | D:5      | Reached skill level 10 in Axes
  3886 | D:5      | Reached skill level 11 in Axes
  3923 | D:5      | Became a worshipper of Beogh the Brigand
  3961 | D:5      | Reached XP level 8. HP: 55/64 MP: 8/8
  3982 | D:5      | Reached skill level 12 in Axes
  4253 | D:4      | Killed Ijyb
  4254 | D:4      | Reached skill level 1 in Invocations
  4517 | D:4      | Found a shimmering blue altar of Sif Muna.
  4521 | D:4      | Got Sif Muna's Papyrus of Battling
  4643 | D:4      | Reached * piety under Beogh
  4886 | D:6      | Found a hazy altar of Hepliaklqana.
  4887 | D:6      | Noticed Grinder
  4892 | D:6      | Paralysed by Grinder for 3 turns
  4897 | D:6      | Killed Grinder
  4898 | D:6      | Reached skill level 1 in Dodging
  5141 | D:6      | Found a runed translucent door.
  5142 | D:6      | Noticed Crazy Yiuf
  5323 | D:6      | Found a sand-covered staircase.
  5328 | Ossuary  | Entered an ossuary
  5397 | Ossuary  | Reached ** piety under Beogh
  5721 | D:6      | Killed Crazy Yiuf
  5722 | D:6      | Reached XP level 9. HP: 67/72 MP: 11/11
  5866 | D:7      | Found a staircase to the Ecumenical Temple.
  5877 | D:7      | Reached skill level 13 in Axes
  6104 | D:7      | Found a shimmering altar of Xom.
  6156 | D:7      | Reached skill level 5 in Fighting
  6388 | D:7      | Found a runed translucent door.
  6388 | D:7      | Noticed LLlMATKO's ghost (novice MiBe)
  6507 | D:7      | Noticed Menkaure
  6516 | D:7      | Killed Menkaure
  6866 | D:8      | Found a sacrificial altar of Ru.
  6888 | D:8      | Reached skill level 5 in Armour
  6904 | D:8      | Reached *** piety under Beogh
  6976 | D:8      | Found an iron altar of Okawaru.
  7199 | D:8      | Reached skill level 14 in Axes
  7242 | D:8      | Found a flagged portal.
  7258 | Bailey   | Entered a bailey
  7314 | Bailey   | Reached skill level 5 in Invocations
  7412 | Bailey   | Noticed an orc knight
  7413 | Bailey   | Reached XP level 10. HP: 61/83 MP: 13/13
  7416 | Bailey   | Reached **** piety under Beogh
  7433 | Bailey   | Killed an orc knight
  7434 | Bailey   | Reached skill level 1 in Throwing
  8072 | D:8      | Found an ancient bone altar of Kikubaaqudgha.
  8075 | D:8      | Found a glowing silver altar of Zin.
  8206 | D:9      | Noticed a cyclops
  8214 | D:9      | Killed a cyclops
  8690 | D:9      | Noticed Erica
  8699 | D:9      | Killed Erica
  8818 | D:9      | Noticed Pikel
  8829 | D:9      | Killed Pikel
  8830 | D:9      | Reached skill level 15 in Axes
  8862 | D:9      | Gained Blodwig as an ally
  9059 | D:9      | Found a shadowy altar of Dithmenos.
  9167 | D:9      | Your ally Blodwig died
  9291 | D:9      | Reached XP level 11. HP: 92/92 MP: 16/16
  9670 | D:10     | Entered Level 10 of the Dungeon
  9805 | D:10     | Found a portal to a secret trove of treasure.
 10819 | D:11     | Reached skill level 16 in Axes
 10874 | D:11     | Noticed a two-headed ogre
 10883 | D:11     | Killed a two-headed ogre
 11075 | D:11     | Noticed a two-headed ogre
 11081 | D:11     | Killed a two-headed ogre
 11082 | D:11     | Reached skill level 5 in Dodging
 11179 | D:11     | Noticed Psyche
 11193 | D:11     | Killed Psyche
 11325 | D:11     | Noticed Sonja
 11346 | D:11     | HP: 4/95 [Sonja/+0 short sword of distortion (2)]
 11347 | D:11     | Killed Sonja
 11347 | D:11     | Gained Orgrim as an ally
 12301 | D:11     | Found a staircase to the Lair.
 12426 | D:12     | Noticed a two-headed ogre
 12428 | D:12     | Noticed a boulder beetle
 12433 | D:12     | Killed a two-headed ogre
 12435 | D:12     | Your ally Orgrim died
 12783 | D:12     | Killed a boulder beetle
 12877 | D:12     | Noticed a boulder beetle
 12885 | D:12     | Reached XP level 12. HP: 91/103 MP: 18/18
 12895 | D:12     | Killed a boulder beetle
 13059 | D:12     | Reached skill level 5 in Throwing
 13206 | D:12     | Noticed a tengu warrior
 13209 | D:12     | Noticed a tengu warrior
 13217 | D:12     | Killed a tengu warrior
 13225 | D:12     | Mangled by a tengu warrior

Illustrated notes

Levels and vault maps discovered:
D:1:      psy_arrival_dodecagon, layout_rooms,
          hellmonk_ecumenical_altar_crossroads, minmay_vboxes
D:2:      layout_loops_ring, serial_shops, nicolae_shop_statue_plus,
          nrook_loot_triangle, kennysheep_jessica_study
D:3:      layout_loops_ring, mainiacjoe_overflow_surrounded_room,
          minmay_tree_intersection
D:4:      layout_loops_ring, nzn_overflow_gifts_of_might_and_magic, uniq_ijyb
D:5:      corexii_shack_village, layout_basic, gammafunk_ghost_mausoleum
D:6:      layout_gridville, lemuel_round_altar, enter_ossuary_2,
          kennysheep_generic_room_10, uniq_crazy_yiuf_cottage, uniq_grinder
D:7:      layout_gridville, mainiacjoe_overflow_alcove_4, temple_fountains,
          hellmonk_ghost_happy_afterlife, uniq_menkaure
D:8:      layout_basic, grunt_temple_overflow_cloverleaf, enter_bailey_4
D:9:      lemuel_troll_bridge, layout_long_grid, lemuel_doored_altar,
          patterned_corridor, uniq_pikel, uniq_erica
D:10:     layout_basic, nicolae_trove_entry_free_sample
D:11:     layout_loops_cross, lair_entry_dummy, uniq_psyche, uniq_sonja
D:12:     layout_basic, orc_0_dummy, uniq_snorg

Skill      XL: |  1  2  3  4  5  6  7  8  9 10 11 12 |
---------------+-------------------------------------+-----
Axes           | 3 4 5 6 8 9 11 12 14 15 16 | 16.0
Invocations    | 3 5 6 8 9 |  9.4
Fighting       | 4 6 7 8 9 |  9.4
Dodging        | 1 3 4 5 |  5.8
Armour         | 4 5 6 8 |  8.6
Throwing       | 2 4 5 |  5.2
Shields        | |  3.2

Action                   |  1- 3 |  4- 6 |  7- 9 | 10-12 || total
-------------------------+-------+-------+-------+-------++-------
Melee: War axe           |    89 |   206 |   414 |   296 ||  1005
Throw: Boomerang         |    11 |       |     6 |       ||    17
       Dart              |       |       |       |    14 ||    14
Invok: Convert to Beogh  |       |       |     1 |       ||     1
       Smiting           |       |       |       |     1 ||     1
Evoke: Wand              |       |       |       |     2 ||     2
  Use: Scroll            |     7 |     4 |    12 |     5 ||    28
       Potion            |       |       |       |     4 ||     4
 Stab: Confused          |       |       |       |     1 ||     1
       Distracted        |       |       |       |     5 ||     5
Armor: Scale mail        |    70 |    62 |       |       ||   132
       Chain mail        |       |    35 |   239 |   175 ||   449
Dodge: Dodged            |    50 |    81 |   115 |   113 ||   359
Block: Buckler           |    34 |    47 |    71 |    55 ||   207
